 Dungeon Crawl Stone Soup version 0.27-a0-909-g0721f309d1 (webtiles) character file.

Game seed: 18164725181009348233

77 wakim the Cutter (level 4, -2/26 HPs)
             Began as a Kobold Gladiator on Apr 8, 2021.
             Slain by an ogre
             ... wielding a +0 giant club
              (22 damage)
             ... on level 4 of the Dungeon.
             The game lasted 00:10:29 (3295 turns).

wakim the Cutter (Kobold Gladiator)                 Turns: 3295, Time: 00:10:29

Health: -2/26      AC: 10    Str: 11    XL:     4   Next: 60%
Magic:  4/4        EV: 11    Int: 10    God:
Gold:   105        SH:  8    Dex: 16    Spells: 3/3 levels left

rFire    . . .     SeeInvis .   a - +1 rapier (flame)
rCold    . . .     Faith    .   i - +0 kite shield
rNeg     + . .     Spirit   .   f - quicksilver dragon scales
rPois    .         Reflect  .   c - +0 helmet
rElec    .         Harm     .   (no cloak)
rCorr    .         Rampage  .   (no gloves)
Will     +....                  (no boots)
Stlth    +++.......             (no amulet)
HPRegen  0.08/turn              l - ring of positive energy
MPRegen  0.09/turn              m - ring of wizardry

@: no status effects
A: small, no large weapons, nightstalker 3
a: no special abilities


You were on level 4 of the Dungeon.
You visited 1 branch of the dungeon, and saw 4 of its levels.

You collected 105 gold pieces.

Inventory:

Hand Weapons
 a - a +1 rapier of flaming (weapon)
Missiles
 d - 3 throwing nets (quivered)
Armour
 c - a +0 helmet (worn)
 f - quicksilver dragon scales (worn)
 i - a +0 kite shield (worn)
Jewellery
 l - a ring of positive energy (left hand)
 m - a ring of wizardry (right hand)
Scrolls
 e - a scroll of enchant weapon
Potions
 g - a potion of degeneration {unknown}
 h - a potion of magic {unknown}
 j - a potion of haste {unknown}
 k - a potion of curing {unknown}
 J - 2 potions of heal wounds
 N - 2 potions of might


   Skills:
 - Level 2.1 Fighting
 + Level 4.6 Short Blades
 - Level 2.1 Throwing
 + Level 4.1 Dodging
 * Level 3.4 Stealth
 * Level 1.2 Shields


You had 3 spell levels left.
You didn't know any spells.
Your spell library was empty.

Dungeon Overview and Level Annotations

Branches:
Dungeon (4/15)
 Temple: D:4-7

Altars:
Qazlal
Ru
Wu Jian


Innate Abilities, Weirdness & Mutations

You are small and have problems with some larger weapons.
You are completely attuned to the shadows.


Message History

There is an open door here.
Things that are here:
a +0 whip; a +0 ring mail; a ring of wizardry Done exploring.
Okay, then.
Things that are here:
a +0 whip; a +0 ring mail; a ring of wizardry
m - a ring of wizardry
m - a ring of wizardry (right hand) Done exploring.
Done exploring.
Autopickup is now off.
Autopickup is now on.
There is an open door here.
There is a stone staircase leading down here.
Drop what? 15/52 slots (_ for help) (? for menu, Esc to quit)
You drop a +0 leather armour.
You climb downwards.
There is a stone staircase leading up here.
A hobgoblin comes into view.
The hobgoblin shouts!
You hear a shout!
You block the hobgoblin's attack.
You hit the hobgoblin. You burn the hobgoblin.
The hobgoblin is heavily wounded.
The hobgoblin closely misses you.
An ogre comes into view. It is wielding a +0 giant club.
The ogre shouts!
You hit the hobgoblin. You burn the hobgoblin.
You kill the hobgoblin!
You hit the ogre. You burn the ogre.
The ogre is moderately wounded.
The ogre hits you with a +0 giant club.
Your shield prevents you from hitting the ogre.
The ogre is moderately wounded.
The ogre closely misses you.
You puncture the ogre! You burn the ogre.
The ogre is severely wounded.
The ogre hits you with a +0 giant club!!
Ouch! That really hurt!
You die...

##.. .P#...
P8#..# #
###..####.#
.......@O.#
.....####.#
.###<...# #
####.# #


You could see an ogre.

Vanquished Creatures
  An orc wizard (D:3)
  A dart slug (D:1)
  An orc (D:3)
  3 endoplasms
  A giant cockroach (D:2)
  3 goblins
  5 hobgoblins
  11 jackals
  2 quokkas
  4 ball pythons
  5 bats
  4 frilled lizards
  2 kobolds
  2 rats
45 creatures vanquished.

Notes
Turn   | Place    | Note
-------+----------+-------------------------------------------
     0 | D:1      | wakim the Kobold Gladiator began the quest for the Orb.
     0 | D:1      | Reached XP level 1. HP: 12/12 MP: 1/1
     7 | D:1      | You fall into a shaft and drop 1 floor!
   220 | D:1      | Reached skill level 1 in Stealth
   368 | D:1      | Reached XP level 2. HP: 17/17 MP: 2/2
  1057 | D:1      | Reached XP level 3. HP: 21/21 MP: 3/3
  2325 | D:3      | Found a sacrificial altar of Ru.
  2337 | D:3      | Reached skill level 1 in Shields
  2337 | D:3      | Reached XP level 4. HP: 21/26 MP: 4/4
  2444 | D:3      | Found a faded altar of an unknown god.
  2851 | D:3      | Found an ornate altar of the Wu Jian Council.
  2859 | D:3      | Found a stormy altar of Qazlal.
  3291 | D:4      | Noticed an ogre
  3295 | D:4      | Slain by an ogre

Illustrated notes

Levels and vault maps discovered:
D:1:      dpeg_arrival_tiny_a, layout_loops_corners
D:2:      layout_loops_ring
D:3:      layout_basic, nicolae_ru_great_annihilating_truth,
          amethyst_overflow_temple_binary, basic_ecumenical_altar,
          minmay_hedge_maze, minivault_23
D:4:      gammafunk_wand_slinger, layout_basic, kennysheep_mini_moat,
          saegor_snake_ambush

Skill      XL: |  1  2  3 |
---------------+----------+-----
Stealth        | 1 2 3 |  3.4
Dodging        | 4 |  4.1
Shields        | 1 |  1.2
Fighting       | |  2.1
Short Blades   | |  4.6
Throwing       | |  2.1

Action                   |  1- 3 |  4- 6 || total
-------------------------+-------+-------++-------
Melee: Rapier            |    84 |    25 ||   109
  Use: Scroll            |     7 |     2 ||     9
 Stab: Sleeping          |     9 |     1 ||    10
       Paralysed         |     1 |       ||     1
Armor: Leather armour    |     9 |     2 ||    11
       Quicksilver drago |       |     3 ||     3
Dodge: Dodged            |    41 |     4 ||    45
Block: Kite shield       |    24 |    11 ||    35

Table legend: (Time is in decaauts)
 A = Elapsed time spent in this place.
 B = Non-inter-level travel time spent in this place.
 C = Inter-level travel time spent in this place.
 D = Time resting spent in this place.
 E = Time spent auto-exploring this place.
 F = Levels seen in this place.
 G = Mean time per level.
                   A        B        C        D        E       F      G
               +--------+--------+--------+--------+--------+-----+--------+
         Total |   3314 |   3173 |    141 |     60 |   2663 |   4 |  828.5 |
       Dungeon |   3314 |   3173 |    141 |     60 |   2663 |   4 |  828.5 |
               +--------+--------+--------+--------+--------+-----+--------+

Top non-repeatable levels by time:
     D:1: 1389 daAuts
     D:3: 1249 daAuts
     D:2: 665 daAuts
     D:4: 9 daAuts
